AoeStats
← WoodChuckle

Fortress

510436715Analyzed
1v1 RM · 2d ago on Oct 1, 2026· 47m 29s· 2 players
Game mode
Random Map
Map size
Small (3 player)
Population
200
Speed
Normal
Resources
Standard
Victory
Conquest
Starting age
Dark Age
Ending age
Imperial Age
RankedLock teamsTeams togetherTeam positionsShared explorationLock speedFull tech treeHidden civsTurbo modeCheats
Victory
Defeat
🇺🇸 Danes · United States
865
+16
🇺🇸 Byzantines · United States
862
-32
WoodChuckle
4:02 Loom
10:03 Feudal Age
11:54 Horse Collar
14:52 Castle Age
12:41 Double-Bit Axe
16:11 Wheelbarrow
16:02 Squires
18:11 Fletching
20:22 Hand Cart
20:43 Scale Barding Armor
21:56 Elite Skirmisher
24:32 Forging
23:51 Pikeman
27:11 Ballistics
28:05 Bow Saw
28:51 Iron Casting
28:54 Murder Holes
30:36 Thumb Ring
30:30 Bodkin Arrow
33:30 Imperial Age
32:00 Chain Barding Armor
32:20 Stone Mining
32:23 Gold Mining
32:44 Crossbowman
34:06 Fortified Wall
36:12 Logistica
37:47 Chemistry
37:14 Arbalester
38:43 Conscription
39:19 Arrowslits
40:48 Hoardings
42:38 Elite Cataphract
46:01 Plate Barding Armor
El Ñerosky
7:46 Feudal Age
11:55 Castle Age
10:53 Scale Mail Armor
11:04 Forging
10:48 Double-Bit Axe
10:44 Horse Collar
11:48 Forging
12:39 Wheelbarrow
25:02 Sanctity
26:46 Bow Saw
27:36 Chain Mail Armor
29:23 Hand Cart
28:57 Town Watch
29:59 Iron Casting
35:04 Imperial Age
32:46 Husbandry
32:07 Light Cavalry
33:34 Bloodlines
33:39 Scale Barding Armor
35:01 Fervor
34:54 Loom
35:57 Ballistics
35:16 Capped Ram
36:26 Conscription
36:54 Plate Mail Armor
36:45 Chain Barding Armor
35:56 Hamask
37:22 Hoardings
37:52 Block Printing
38:02 Illumination
37:16 Onager
38:34 Siege Engineers
38:32 Siege Ram
39:45 Town Patrol
40:58 Chemistry
39:22 Elite Jomsviking
42:05 Blast Furnace
40:56 Fletching
41:42 Plate Barding Armor
40:53 Heavy Scorpion
43:08 Heavy Plow
44:07 Siege Onager
46:37 Bodkin Arrow
46:42 Padded Archer Armor
46:58 Masonry
Connection lost

Rejoining the realm…

Still unreachable

The connection could not be restored.

Session expired

The server has moved on; the page needs a fresh start.